cohdb
Replays
Latest Replays
All Replays
Popular Replays
Top Player Replays
Match Explorer
How It Works
Community
CoH3 Stats
Reddit
Sign in to upload your games and track your stats! →
Sign in with Steam
Match 42552292
Unlisted
Match 42552292
Overview
Messages
Build Orders
End
Selects Italian Coastal Battlegroup
Selects Coastal Reserves
Coastal Reserve
Construct Infanterie Kompanie
Coastal Reserve
MG 42 Machine Gun Team
GrW 34 Mortar Team
Construct Panzergrenadier Kompanie
Selects Artillery Officer
Medical Bunker
Support Elements
Artillery Officer
Infanterie Officer Quarters
Nebelwerfer 42 Rocket Launcher Team
StuG III G Assault Gun
Nebelwerfer 42 Rocket Launcher Team
Selects Support Bunkers
Selects Designated Artillery Overwatch
homig
kerem
Alex
佛系玩家
bilibili鲵食不食油猫饼
Looking For Jimmy
小鱼@
蛤,你说蛤?
0
0
Comments
sign in to comment!
No comments posted yet!